 Dungeon Crawl Stone Soup version 0.31-a0-229-g1fc7ce93e2 (webtiles) character file.

Game seed: 11961095737793775382

474 qw the Shooter (level 6, -20/56 HPs)
             Began as a Minotaur Hexslinger on July 6, 2023.
             Demolished by an ogre
             ... wielding a +0 giant club
              (25 damage)
             ... on level 4 of the Dungeon.
             The game lasted 00:01:25 (3719 turns).

qw the Shooter (Minotaur Hexslinger)                Turns: 3719, Time: 00:01:25

Health: -20/56     AC:  6    Str: 12    XL:     6   Next: 84%
Magic:  6/6        EV: 11    Int: 10    God:
Gold:   90         SH:  0    Dex: 15    Spells: 6/7 levels left

rFire   . . .        Y - +4 sling
rCold   . . .        (no shield)
rNeg    . . .        a - +0 ring mail
rPois   .            (helmet restricted)
rElec   .            (no cloak)
rCorr   .            (no gloves)
SInv    .            h - +0 pair of boots
Will    .....        (no amulet)
Stlth   +            (no ring)
HPRegen 0.29/turn    (no ring)
MPRegen 0.10/turn

%: no passive effects
@: about to teleport
A: horns 2, retaliatory headbutt
a: no special abilities


You were on level 4 of the Dungeon.
You visited 1 branch of the dungeon, and saw 4 of its levels.

You collected 90 gold pieces.


Innate Abilities, Weirdness & Mutations

You have a pair of horns on your head.
You reflexively headbutt those who attack you in melee.


   Skills:
 - Level 5.2 Fighting
 + Level 6.3 Ranged Weapons
 - Level 1.5 Armour
 - Level 2.1 Dodging
 - Level 1.0 Spellcasting
 - Level 2.0 Hexes


You had 6 spell levels left.
You knew the following spells:

 Your Spells              Type           Power      Damage    Failure   Level
a - Slow                  Hex            16%        N/A       32%         1

Your spell library contained the following spells:

 Spells                   Type           Power      Damage    Failure   Level
 Inner Flame              Hex/Fire       2%         N/A       83%         3
 Portal Projectile        Hex/Tloc       4%         N/A       83%         3
 Cause Fear               Hex            2%         N/A       97%         4

Inventory:

Hand Weapons
 Y - a +4 sling (weapon)
Armour
 a - a +0 ring mail (worn)
 c - a +1 leather armour of fire resistance
 f - a +1 pair of gloves
 h - a +0 pair of boots (worn)
Scrolls
 b - 4 scrolls of identify
 d - a scroll of teleportation
Potions
 e - a potion of might
 g - a potion of curing
 i - a potion of enlightenment {unknown}
 j - a potion of degeneration {unknown}

Dungeon Overview and Level Annotations

Branches:
Dungeon (4/15)
 Temple: D:4-7

Altars:
Ashenzari
Cheibriados
Makhleb
Yredelemnul
Zin
The Shining One

Shops:
D:4 =

Annotations:
D:3 1 runed translucent door, Crazy Yiuf
D:4 1 runed translucent door, qw's ghost, amateur MiHs


Message History

a +0 war axe of flaming; a +0 ring mail
Enter note:
Enter note:
Enter note:
Enter note:
Enter note:
Enter note:
There is an open door here.
Found a +0 short sword.
Enter note:
Enter note:
Enter note:
Enter note:
Enter note:
Enter note:
There is a dry fountain here.
The ogre shouts!
There is an open door here.
Enter note:
Enter note:
Enter note:
Enter note:
Enter note:
Enter note: You shoot a sling bullet.
The sling bullet hits the ogre.
The ogre is lightly wounded.
You shoot a sling bullet.
The sling bullet barely misses the ogre.
The ogre hits you with a +0 giant club!!
You shoot a sling bullet. The sling bullet hits the ogre.
The ogre is moderately wounded.
The ogre hits you with a +0 giant club!!
You shoot a sling bullet.
The sling bullet barely misses the ogre.
The ogre hits you with a +0 giant club!
3719 ||| READING 2 scrolls of teleportation.
As you read the scroll of teleportation, it crumbles to dust.
You feel strangely unstable.
The ogre hits you with a +0 giant club!!
You die...

...##...##...##...##...##
....##.##.....##.##.....##
.....#''...7...)'#.......#
....##.##.....##.##.....##
...##...##...##...##...##
#)##..}..##'##..}..##'##
...##...##...##...##...##
....##.##.....##.##.....##
.<...++#.......#@O...<...+
....## ##....)##.##.....##
...## ##...##..)##...##
#+## ##'##..}..##'##
##...##...## .#
##.....##.## . +...7...'+#
##.....##.# ##...## .#


You could see an ogre.

Vanquished Creatures
  Sigmund (D:3)
  A hound (D:4)
  Ijyb (D:4)
  An iguana (D:4)
  10 gnolls
  7 adders
  2 dart slugs
  3 orcs
  6 ball pythons
  5 bats
  5 endoplasms
  A giant cockroach (D:2)
  5 goblins
  7 hobgoblins
  4 jackals (D:2)
  3 kobolds
  3 quokkas
  4 frilled lizards
  7 rats
76 creatures vanquished.

Notes
Turn   | Place    | Note
-------+----------+-------------------------------------------
     0 | D:1      | qw the Minotaur Hexslinger began the quest for the Orb.
     0 | D:1      | Reached XP level 1. HP: 16/16 MP: 1/1
     0 | D:1      | 0 ||| qw: Version: 0.3-a-46-gb1f654a
     0 | D:1      | 0 ||| qw: Game counter: 1697
     0 | D:1      | 0 ||| qw: Melee chars always use a shield: true
     0 | D:1      | 0 ||| qw: God list: Okawaru
     0 | D:1      | 0 ||| qw: Allow faded altars: false
     0 | D:1      | 0 ||| qw: Do Orc after clearing Dungeon:15 true
     0 | D:1      | 0 ||| qw: Do second Lair branch before Depths: true
     0 | D:1      | 0 ||| qw: Lair rune preference: random
     0 | D:1      | 0 ||| qw: Goals: Normal
     0 | D:1      | 0 ||| PLANNING D:1-11
    77 | D:1      | Reached skill level 3 in Ranged Weapons
    81 | D:1      | Reached XP level 2. HP: 23/23 MP: 2/2
   431 | D:1      | 431 ||| READING scroll labelled JYIPSA VUNINOQ.
   432 | D:1      | 432 ||| READING scroll labelled JUERINNOIXU.
   433 | D:1      | 433 ||| READING scroll labelled PERURENW MOSI.
   434 | D:1      | 434 ||| DROPPING scroll of poison.
   472 | D:2      | 472 ||| READING scroll of enchant weapon.
   472 | D:2      | 472 ||| ENCHANTING +2 sling.
   525 | D:2      | 525 ||| READING scroll of enchant weapon.
   525 | D:2      | 525 ||| ENCHANTING +3 sling.
   690 | D:2      | Reached XP level 3. HP: 29/29 MP: 3/3
   801 | D:2      | Reached skill level 4 in Ranged Weapons
  1010 | D:2      | 1010 ||| Stepping ~*~*~tactically~*~*~ (outnumbered).
  1025 | D:2      | Reached XP level 4. HP: 24/36 MP: 4/4
  1114 | D:2      | 1114 ||| UPGRADING to +0 leather armour.
  1124 | D:2      | 1124 ||| DROPPING +0 robe.
  1125 | D:2      | 1125 ||| UPGRADING to +0 pair of boots.
  1130 | D:2      | 1130 ||| READING 4 scrolls labelled HIVASI TABRANU.
  1131 | D:2      | 1131 ||| READING scroll labelled XEENKA BESTILI.
  1196 | D:2      | 1196 ||| DRINKING 2 cyan potions.
  1197 | D:2      | 1197 ||| READING 2 scrolls of identify.
  1197 | D:2      | 1197 ||| IDENTIFYING fizzy dark potion
  1198 | D:2      | 1198 ||| DROPPING 3 scrolls of fear.
  1245 | D:3      | Noticed Sigmund
  1247 | D:3      | 1247 ||| STAIRDANCE
  1274 | D:3      | 1274 ||| STAIRDANCE
  1280 | D:2      | HP: 7/36 [frozen (4)]
  1392 | D:3      | 1392 ||| STAIRDANCE
  1394 | D:3      | 1394 ||| STAIRDANCE
  1396 | D:3      | 1396 ||| STAIRDANCE
  1420 | D:3      | 1420 ||| STAIRDANCE
  1422 | D:2      | 1422 ||| DRINKING potion of curing.
  1422 | D:2      | 1422 ||| (to cure confusion)
  1472 | D:3      | Reached skill level 5 in Ranged Weapons
  1474 | D:3      | 1474 ||| STAIRDANCE
  1531 | D:3      | 1531 ||| STAIRDANCE
  1596 | D:3      | 1596 ||| STAIRDANCE
  1682 | D:3      | 1682 ||| STAIRDANCE
  1733 | D:3      | 1733 ||| STAIRDANCE
  1792 | D:3      | 1792 ||| STAIRDANCE
  1824 | D:3      | 1824 ||| STAIRDANCE
  1887 | D:3      | 1887 ||| STAIRDANCE
  1889 | D:3      | 1889 ||| STAIRDANCE
  1897 | D:3      | 1897 ||| STAIRDANCE
  1944 | D:3      | Killed Sigmund
  1945 | D:3      | Reached XP level 5. HP: 48/48 MP: 5/5
  2002 | D:3      | Reached XP level 6. HP: 49/56 MP: 6/6
  2259 | D:3      | Found a burning altar of Makhleb.
  2261 | D:3      | Found a glowing silver altar of Zin.
  2261 | D:3      | Noticed a green death
  2261 | D:3      | Noticed an angel
  2451 | D:3      | Found a runed translucent door.
  2452 | D:3      | Noticed Crazy Yiuf
  2705 | D:3      | 2705 ||| UPGRADING to +0 ring mail.
  2715 | D:3      | 2715 ||| DROPPING +0 leather armour.
  2716 | D:3      | 2716 ||| READING scroll labelled ZICHUEBIOS.
  2717 | D:3      | 2717 ||| READING scroll labelled QEIVUD UPAROO.
  2720 | D:3      | 2720 ||| READING 4 scrolls of identify.
  2720 | D:3      | 2720 ||| IDENTIFYING fizzy yellow potion
  2721 | D:3      | 2721 ||| DROPPING potion of invisibility.
  2760 | D:4      | Found a basalt altar of Yredelemnul.
  2760 | D:4      | Found a broken altar of Ashenzari.
  2761 | D:4      | Found a snail-covered altar of Cheibriados.
  2816 | D:4      | Found a glowing golden altar of the Shining One.
  2893 | D:4      | Noticed Ijyb
  2917 | D:4      | Killed Ijyb
  2918 | D:4      | Reached skill level 1 in Armour
  3139 | D:4      | 3139 ||| Stepping ~*~*~tactically~*~*~ (outnumbered).
  3153 | D:4      | HP: 12/56 [gnoll/+0 spear (4)]
  3347 | D:4      | Reached skill level 6 in Ranged Weapons
  3351 | D:4      | HP: 11/56 [gnoll/+0 halberd (9)]
  3352 | D:4      | HP: 3/56 [gnoll/+0 halberd (8)]
  3586 | D:4      | Found Foulas's Jewellery Shoppe.
  3594 | D:4      | 3594 ||| SHOPLISTING +4 ring of protection (396 gold, have
                  | 90).
  3594 | D:4      | 3594 ||| SHOPLISTING +6 ring of strength (396 gold, have
                  | 90).
  3594 | D:4      | 3594 ||| SHOPLISTING amulet "Haysu" {Acrobat Str+2} (453
                  | gold, have 90).
  3594 | D:4      | 3594 ||| SHOPLISTING amulet "Puojiocs" {RegenMP Fragile
                  | rC++ Int+2} (584 gold, have 90).
  3594 | D:4      | 3594 ||| SHOPLISTING amulet of Reobruno {Faith Str+5} (632
                  | gold, have 90).
  3594 | D:4      | 3594 ||| SHOPLISTING ring of Nitoasuf {Will+ MP-9 AC+4
                  | Int+4 SInv} (465 gold, have 90).
  3594 | D:4      | 3594 ||| SHOPLISTING ring of ice (275 gold, have 90).
  3594 | D:4      | 3594 ||| SHOPLISTING ring of protection from fire (275
                  | gold, have 90).
  3594 | D:4      | 3594 ||| SHOPLISTING ring of resist corrosion (220 gold,
                  | have 90).
  3594 | D:4      | 3594 ||| SHOPLISTING ring of see invisible (165 gold, have
                  | 90).
  3644 | D:4      | Found a runed translucent door.
  3645 | D:4      | Noticed qw's ghost (amateur MiHs)
  3718 | D:4      | HP: 4/56 [ogre/+0 giant club (15)]
  3719 | D:4      | 3719 ||| READING 2 scrolls of teleportation.
  3719 | D:4      | Demolished by an ogre

Levels and vault maps discovered:
D:1:      dpeg_arrival_windows_large_door, layout_rooms
D:2:      layout_basic, grunt_decor_junction
D:3:      layout_basic, grunt_temple_overflow_order_and_chaos_2,
          uniq_crazy_yiuf_cottage, uniq_sigmund
D:4:      layout_loops_ring, nicolae_overflow_quartered_altars, serial_shops,
          nicolae_shop_gaudy_bauble, ebering_ghost_reflecting_pool,
          nicolae_hexahallways, minmay_fractal_squares_diagonal_5, uniq_ijyb

Skill      XL: |  1  2  3  4  5  6 |
---------------+-------------------+-----
Ranged Weapons | 3 4 5 6 |  6.3
Fighting       | 2 5 |  5.2
Armour         | 1 |  1.5
Dodging        | |  2.1
Spellcasting   | |  1.0
Hexes          | |  2.0

Action                     |  1- 3 |  4- 6 || total
---------------------------+-------+-------++-------
  Melee: Unarmed           |       |    16 ||    16
   Fire: Sling             |    82 |   171 ||   253
    Use: Scroll            |     5 |     7 ||    12
         Potion            |       |     2 ||     2
 Armour: Robe              |     1 |       ||     1
         Leather armour    |       |    12 ||    12
         Ring mail         |       |    14 ||    14
  Dodge: Dodged            |    12 |    92 ||   104

Table legend:
 A = Non-vault XP
 B = Vault XP
 C = Vault XP percentage of total XP
 D = Non-vault monster count
 E = Vault monster count
 F = Vault count percentage of total count
                 A         B        C        D         E       F
            +---------+---------+-------+---------+---------+-------
      Total |     356 |     322 |  47.5 |      72 |       4 |   5.3
            +---------+---------+-------+---------+---------+-------
        D:1 |      26 |       0 |   0.0 |      14 |       0 |   0.0
        D:2 |     107 |       0 |   0.0 |      26 |       0 |   0.0
        D:3 |      54 |     231 |  81.1 |      18 |       1 |   5.3
        D:4 |     169 |      91 |  35.0 |      14 |       3 |  17.6
            +---------+---------+-------+---------+---------+-------
